 Dungeon Crawl Stone Soup version 0.28-a0-1616-g050a50673c (webtiles) character file.

Game seed: 4928407690623852850

18207 Crownlay the Spear-Bearer (level 12, -5/115 HPs)
             Began as a Minotaur Berserker on Jan 22, 2022.
             Was an Elder of Trog.
             Slain by a komodo dragon (23 damage)
             ... on level 12 of the Dungeon.
             The game lasted 00:26:09 (13631 turns).

Crownlay the Spear-Bearer (Minotaur Berserker)     Turns: 13631, Time: 00:26:10

Health: -5/115     AC: 17    Str: 35    XL:     12   Next: 25%
Magic:  11/11      EV:  9    Int:  4    God:    Trog [****..]
Gold:   677        SH:  0    Dex: 17    Spells: 11/11 levels left

rFire   . . .      SeeInvis .   N - +2 spear
rCold   . . .      Faith    .   (no shield)
rNeg    . . .      Spirit   .   O - +1 plate armour "Peseps" {Str+3}
rPois   .          Reflect  .   (helmet restricted)
rElec   .          Harm     .   K - +2 cloak
rCorr   .          Rampage  .   (no gloves)
Will    ++...                   (no boots)
Stlth   ..........              y - amulet of regeneration
HPRegen 2.09/turn               x - +6 ring of dexterity
MPRegen 0.12/turn               c - +6 ring of strength

@: strong-willed, regenerating, studying Axes
A: horns 2, retaliatory headbutt
a: Renounce Religion, Berserk, Trog's Hand, Brothers in Arms


You were on level 12 of the Dungeon.
You worshipped Trog.
Trog was greatly pleased with you.
You visited 1 branch of the dungeon, and saw 12 of its levels.
You visited the Abyss 1 time.
You also visited: Ossuary.

You collected 677 gold pieces.

Inventory:

Hand Weapons
 i - the +8 falchion of Analysis {antimagic, rElec Will+ SInv}
   (You found it on level 12 of the Dungeon)

   It reduces the magical energy of the wielder, and disrupts the spells and
   magical abilities of those it strikes.
   Natural abilities and divine invocations are not affected.
   rElec:     It insulates you from electricity.
   SInv:      It lets you see invisible.
   Will:      It increases your willpower.
 I - a +3 scimitar of flaming
 N - a +2 spear (weapon)
Missiles
 o - 2 throwing nets
 r - 3 curare-tipped darts (quivered)
Armour
 H - +1 fire dragon scales
 K - a +2 cloak (worn)
 O - the +1 plate armour "Peseps" (worn) {Str+3}
   (You found it on level 10 of the Dungeon)

   Str:       It affects your strength (+3).
Jewellery
 a - a ring of flight
 c - a +6 ring of strength (right hand)
 x - a +6 ring of dexterity (left hand)
 y - an amulet of regeneration (around neck)
 P - a ring of ice
Wands
 l - a wand of flame (10)
 n - a wand of polymorph (14)
 B - a wand of iceblast (4)
 F - a wand of acid (1)
 J - a wand of digging (7)
 L - a wand of paralysis (5)
Scrolls
 b - 4 scrolls of fear
 d - a scroll of enchant weapon {unknown}
 e - a scroll of brand weapon {unknown}
 g - 4 scrolls of fog
 h - 5 scrolls of vulnerability
 k - 13 scrolls of teleportation
 m - 9 scrolls of immolation
 q - 2 scrolls of amnesia {unknown}
 t - 4 scrolls of blinking
 v - a scroll of summoning {unknown}
 A - 3 scrolls of magic mapping {unknown}
 E - 4 scrolls of holy word {unknown}
 G - a scroll of silence {unknown}
Potions
 f - a potion of cancellation {unknown}
 j - 4 potions of mutation
 p - 3 potions of curing
 s - 2 potions of berserk rage {unknown}
 u - 2 potions of heal wounds {unknown}
 w - 2 potions of might {unknown}
 z - a potion of degeneration {unknown}
 C - a potion of ambrosia {unknown}
 D - a potion of haste {unknown}
 M - a potion of magic {unknown}


   Skills:
 + Level 13.0 Fighting
 * Level 13.9 Polearms
 - Level 8.0 Throwing
 - Level 8.0 Armour
 - Level 2.1 Dodging
 - Level 8.0 Evocations


You had 11 spell levels left.
You didn't know any spells.
Your spell library was empty.

Dungeon Overview and Level Annotations

Branches:
Dungeon (12/15)            Temple (0/1) D:5            Lair (0/6) D:10
    Orc (0/2) D:12        Ossuary (visited)

Altars:
Ashenzari
Cheibriados
Fedhas
Hepliaklqana
Kikubaaqudgha
Makhleb
Nemelex Xobeh
Ru
Trog
Wu Jian
Xom
Zin
The Shining One
Beogh

Portals:
Abyss: D:9

Annotations:
D:9 2 transporters, Hasart's ghost, novice DgCj


Innate Abilities, Weirdness & Mutations

You have a pair of horns on your head.
You reflexively headbutt those who attack you in melee.


Message History

The large slime creature closely misses you.
The komodo dragon bites you!!
* * * LOW HITPOINT WARNING * * *
A large slime creature splits.
The shadow strikes at you from the darkness!
Reactivating autopickup.
You hit the shadow but do no damage. You barely miss the shadow.
Your headbutt misses the shadow. The shadow closely misses you.
You furiously retaliate!
You headbutt the shadow. You puncture the shadow! You headbutt the shadow!
The shadow is almost destroyed.
You hit the shadow.
The shadow is almost destroyed.
Two slime creatures merge to form a large slime creature.
The shadow hits you.
* * * LOW HITPOINT WARNING * * *
You hit the shadow.
You destroy the shadow!
Trog accepts your kill.
Your Fighting skill increases to level 13!
Reach: N) +2 spear
Press: ? - help, Dir - move target, f - large slime creature
Aim: a large slime creature (about 12% to evade your +2 spear)
The komodo dragon is in the way.
You puncture the komodo dragon! Your headbutt misses the komodo dragon.
The komodo dragon is lightly wounded.
Reach: N) +2 spear
Press: ? - help, Dir - move target, f/p - large slime creature
Aim: a large slime creature (about 12% to evade your +2 spear)
You reach to attack!
You puncture the large slime creature!
The large slime creature is lightly wounded.
The komodo dragon bites you!!
* * * LOW HITPOINT WARNING * * *
You feel better.
The komodo dragon bites you but does no damage.
Your black bear goes berserk!
The large slime creature hits your black bear!!
The komodo dragon bites you!!
You die...

#..# ####+## #####'###
#.....# ........#
#.....# ........#
#.....#
........######.....#
........#....'.....#
........#.####.....#
........'.# ##'####
........### #.@lh##
###'##### ####J.#
#.#### ##'# #....#
#....?....# #####'###
#.........#
#.......####.........#
#.......'.##.........#
+.......#.##........)#
#.......#.##.......!.#


You could see a large slime creature (ally target), a komodo dragon and a
friendly black bear (summoned, berserk).

Vanquished Creatures
  2 tentacled starspawn (Abyss:1)
  A boulder beetle (D:11)
  Erolcha (D:11)
  Erica (D:8)
  2 two-headed ogres
  Sonja (D:10)
  A wizard (D:9)
  An ugly thing (D:11)
  A cyclops (D:12)
  Maurice (D:9)
  2 gargoyles (D:10)
  Maggie (D:10)
  A kobold demonologist (D:10)
  An unseen horror (D:12)
  A troll (D:10)
  2 raiju (Abyss:1)
  2 slime creatures (D:12)
  Sigmund (D:2)
  8 yaks
  A wyvern (D:9)
  2 shadows
  3 small abominations (Abyss:1)
  A chaos spawn (D:11)
  A steam dragon (D:8)
  12 vampire mosquitoes
  2 water moccasins
  8 orc warriors
  2 sky beasts (D:7)
  5 black bears
  2 necrophages
  An ogre (D:5)
  2 centaurs
  2 phantoms
  2 elf zombies (Ossuary)
  4 bullfrogs
  3 kobold brigands
  A wyvern zombie (D:7)
  7 killer bees
  3 howler monkeys (D:11)
  7 wights
  4 electric eels (D:6)
  8 centaur zombies
  3 hounds
  6 jellies
  11 orc priests
  A gnoll shaman (D:6)
  5 human zombies (Ossuary)
  A centaur skeleton (D:7)
  An iron imp (Abyss:1)
  5 iguanas
  Terence (D:3)
  A scorpion zombie (D:5)
  Natasha (thrice) (D:2)
  19 orc wizards
  A hound zombie (D:5)
  A hound skeleton (D:8)
  4 mummies
  7 adders
  20 gnolls
  A shadow imp (D:8)
  A white imp (D:4)
  3 ufetubi
  3 worms
  A dart slug (D:4)
  43 orcs
  3 ball pythons
  4 endoplasms
  A giant cockroach (D:1)
  7 goblins
  8 hobgoblins
  3 jackals (D:2)
  46 kobolds
  3 quokkas
  4 bats
  2 frilled lizards
  2 goblin skeletons (D:4)
  A hobgoblin zombie (D:4)
  A kobold skeleton (D:4)
  A kobold zombie (D:4)
  An orc skeleton (D:4)
  3 orc zombies (D:4)
  7 rats
  A starspawn tentacle (Abyss:1)
354 creatures vanquished.

Vanquished Creatures (collateral kills)
  A hydra (D:11)
  A skeletal warrior (D:6)
  A starcursed mass (Abyss:1)
  A centaur (D:11)
  2 scorpions (D:6)
  A small abomination (Abyss:1)
  A gnoll (D:6)
8 creatures vanquished.

Vanquished Creatures (others)
  5 starspawn tentacles (Abyss:1)
5 creatures vanquished.

Grand Total: 367 creatures vanquished

Notes
Turn   | Place    | Note
-------+----------+-------------------------------------------
     0 | D:1      | Crownlay the Minotaur Berserker began the quest for the
                  | Orb.
     0 | D:1      | Reached XP level 1. HP: 19/19 MP: 0/0
   265 | D:1      | Reached XP level 2. HP: 26/26 MP: 1/1
   866 | D:2      | Noticed Sigmund
   876 | D:2      | Killed Sigmund
   877 | D:2      | Reached XP level 3. HP: 24/31 MP: 2/2
   877 | D:2      | Reached XP level 4. HP: 30/39 MP: 3/3
   877 | D:2      | Reached XP level 5. HP: 35/45 MP: 4/4
  1034 | D:2      | Reached ** piety under Trog
  1613 | D:2      | Noticed Natasha
  1625 | D:2      | Killed Natasha
  1626 | D:2      | Reached XP level 6. HP: 51/51 MP: 5/5
  2032 | D:2      | Noticed Natasha
  2054 | D:2      | Killed Natasha
  2143 | D:2      | Noticed Natasha
  2148 | D:2      | Killed Natasha
  2530 | D:3      | Noticed Terence
  2536 | D:3      | Killed Terence
  2728 | D:3      | Found a sacrificial altar of Ru.
  2966 | D:4      | Found a sand-covered staircase.
  2977 | Ossuary  | Entered an ossuary
  3080 | Ossuary  | Reached XP level 7. HP: 27/57 MP: 6/6
  3086 | Ossuary  | Reached skill level 10 in Polearms
  3451 | D:4      | Found a glowing golden altar of the Shining One.
  3452 | D:4      | Reached *** piety under Trog
  3552 | D:4      | Reached XP level 8. HP: 52/64 MP: 7/7
  3826 | D:4      | Found a glowing silver altar of Zin.
  3827 | D:4      | Found a blossoming altar of Fedhas.
  4170 | D:4      | Reached skill level 1 in Throwing
  4375 | D:5      | Entered Level 5 of the Dungeon
  4375 | D:5      | Found a sparkling altar of Nemelex Xobeh.
  4488 | D:5      | Reached skill level 5 in Fighting
  4572 | D:5      | Found an ancient bone altar of Kikubaaqudgha.
  4666 | D:5      | Found a broken altar of Ashenzari.
  5113 | D:5      | Found a staircase to the Ecumenical Temple.
  5987 | D:6      | Found a bloodstained altar of Trog.
  6134 | D:6      | Reached XP level 9. HP: 70/79 MP: 8/8
  6275 | D:6      | Found a shimmering altar of Xom.
  6279 | D:6      | Found a shimmering altar of Xom.
  6279 | D:6      | Found a shimmering altar of Xom.
  6281 | D:6      | Found a shimmering altar of Xom.
  6281 | D:6      | Found a shimmering altar of Xom.
  6284 | D:6      | Found a shimmering altar of Xom.
  6284 | D:6      | Found a shimmering altar of Xom.
  6293 | D:6      | Reached **** piety under Trog
  6348 | D:6      | Found a snail-covered altar of Cheibriados.
  6430 | D:6      | Found an ornate altar of the Wu Jian Council.
  6786 | D:6      | Reached skill level 5 in Throwing
  6886 | D:6      | Noticed a skeletal warrior
  6910 | D:6      | Killed a skeletal warrior
  7953 | D:7      | Reached ***** piety under Trog
  7954 | D:7      | Found a hazy altar of Hepliaklqana.
  7996 | D:7      | Reached skill level 5 in Armour
  8046 | D:7      | Reached XP level 10. HP: 91/91 MP: 9/9
  8951 | D:8      | Noticed Erica
  8977 | D:8      | Killed Erica
  8978 | D:8      | Reached skill level 10 in Fighting
  8978 | D:8      | Reached skill level 1 in Evocations
  9624 | D:8      | Found a burning altar of Makhleb.
  9750 | D:9      | Noticed Maurice
  9758 | D:9      | Killed Maurice
  9851 | D:9      | Found a transporter.
  9851 | D:9      | Noticed a rakshasa
  9854 | D:9      | Found a one-way gate to the infinite horrors of the Abyss.
  9854 | D:9      | Noticed Hasart's ghost (novice DgCj)
  9854 | D:9      | Noticed a toenail golem
  9915 | D:9      | Noticed a two-headed ogre
  9924 | D:9      | Killed a two-headed ogre
  9925 | D:9      | Reached XP level 11. HP: 57/102 MP: 10/10
 10074 | D:9      | Noticed a hell hog
 10718 | D:9      | Found a transporter.
 11070 | D:9      | Noticed a wizard
 11079 | D:9      | Killed a wizard
 11141 | D:10     | Entered Level 10 of the Dungeon
 11259 | D:10     | Found a staircase to the Lair.
 11404 | D:10     | Noticed Sonja
 11410 | D:10     | Killed Sonja
 11411 | D:10     | Reached skill level 5 in Evocations
 11530 | D:10     | Identified the +1 plate armour "Peseps" {Str+3}
 11594 | D:10     | Noticed Maggie
 11609 | D:10     | Killed Maggie
 12320 | D:11     | Noticed a red ugly thing
 12322 | D:11     | Noticed a four-headed hydra
 12336 | D:11     | Killed a red ugly thing
 12342 | D:11     | Killed a four-headed hydra
 12567 | D:11     | Noticed Erolcha
 12571 | D:11     | Cast into level 1 of the Abyss (Erolcha)
 12650 | Abyss:1  | Noticed a tentacled starspawn
 12657 | Abyss:1  | Killed a tentacled starspawn
 12696 | Abyss:1  | Noticed a tentacled starspawn
 12711 | Abyss:1  | Killed a tentacled starspawn
 12769 | Abyss:1  | Noticed a starcursed mass
 12782 | Abyss:1  | Killed a starcursed mass
 12785 | D:11     | Escaped the Abyss
 12810 | D:11     | Killed Erolcha
 12811 | D:11     | Reached XP level 12. HP: 99/113 MP: 11/11
 12931 | D:11     | Noticed a boulder beetle
 12948 | D:11     | Killed a boulder beetle
 13178 | D:12     | Identified the +8 falchion of Analysis {antimagic, rElec
                  | Will+ SInv}
 13249 | D:12     | Found a staircase to the Orcish Mines.
 13367 | D:12     | Noticed a two-headed ogre
 13376 | D:12     | Killed a two-headed ogre
 13629 | D:12     | HP: 5/115 [komodo dragon (25)]
 13631 | D:12     | Slain by a komodo dragon

Illustrated notes

Levels and vault maps discovered:
D:1:      minmay_arrival_three_doors, layout_basic, dk_noncrumbling_4
D:2:      layout_basic, uniq_natasha, uniq_sigmund
D:3:      layout_loops_cross, old_standard_altar, uniq_terence
D:4:      layout_gridville, nicolae_tso_besieged_by_evil,
          grunt_temple_overflow_open, nicolae_ossuary_entry_giza
D:5:      layout_layer_cave, nicolae_kikubaaqudgha_miasma_corner,
          evilmike_ruin_ashenzari, mainiacjoe_overflow_concentric_impassable,
          minmay_temple_entry_ruins
D:6:      minmay_goblin_kobold_castle, layout_basic, nicolae_xom_altar_mimics,
          mainiacjoe_overflow_small_starburst, nicolae_overflow_hidden_temple,
          trog_ov_bears_minmay, minmay_manual_mail
D:7:      kennysheep_spiral_hall, layout_loops_corners,
          nzn_hepliaklqana_mist_gate
D:8:      nicolae_cairo_tiling_very_big, layout_basic,
          makhleb_blood_cavern_becter, st_stairs_6, uniq_erica
D:9:      layout_layer_cave, gammafunk_ghost_abyssal_escape, minmay_librarian,
          uniq_maurice
D:10:     layout_irregular_city, lair_entry_dummy, uniq_sonja, uniq_maggie
D:11:     layout_cross, uniq_erolcha
D:12:     layout_roguey, minmay_orc_entry_temple_small, gauntlet_entry_generic

Skill      XL: |  1  2  3  4  5  6  7  8  9 10 11 12 |
---------------+-------------------------------------+-----
Polearms       | 4 7 8 9 11 12 13 | 13.9
Fighting       | 7 9 11 12 13 | 13.0
Throwing       | 3 7 8 |  8.0
Armour         | 5 8 |  8.0
Evocations     | 3 8 |  8.0
Dodging        | |  2.1

Action                   |  1- 3 |  4- 6 |  7- 9 | 10-12 || total
-------------------------+-------+-------+-------+-------++-------
Melee: Spear             |    43 |   204 |   612 |   744 ||  1603
       Headbutt          |     8 |    25 |   106 |   158 ||   297
       Punch             |     1 |     2 |     7 |    11 ||    21
       Unarmed           |       |    15 |       |       ||    15
Throw: Boomerang         |       |     8 |    11 |    66 ||    85
       Throwing net      |       |     1 |       |       ||     1
       Dart              |       |       |       |     9 ||     9
Invok: Berserk           |     1 |     2 |     2 |     7 ||    12
       Trog's Hand       |       |     3 |     3 |    15 ||    21
       Brothers in Arms  |       |       |     1 |     3 ||     4
Evoke: Wand              |       |       |     9 |       ||     9
  Use: Scroll            |       |     3 |     3 |     7 ||    13
       Potion            |       |       |       |     1 ||     1
Armor: Chain mail        |     6 |    38 |       |       ||    44
       Scale mail        |       |    18 |   110 |     1 ||   129
       Fire dragon scale |       |       |       |    49 ||    49
       Plate armour      |       |       |       |   161 ||   161
Dodge: Dodged            |     6 |    66 |   112 |   159 ||   343

Table legend: (Time is in decaauts)
 A = Elapsed time spent in this place.
 B = Non-inter-level travel time spent in this place.
 C = Inter-level travel time spent in this place.
 D = Time resting spent in this place.
 E = Time spent auto-exploring this place.
 F = Levels seen in this place.
 G = Mean time per level.
                   A        B        C        D        E       F      G
               +--------+--------+--------+--------+--------+-----+--------+
         Total |  12996 |  12197 |    799 |      0 |   9668 |  14 |  928.3 |
       Dungeon |  12423 |  11624 |    799 |      0 |   9398 |  12 | 1035.2 |
         Abyss |    182 |    182 |      0 |      0 |      0 |   1 |  182.0 |
       Ossuary |    390 |    390 |      0 |      0 |    270 |   1 |  390.0 |
               +--------+--------+--------+--------+--------+-----+--------+

Top non-repeatable levels by time:
     D:5: 1538 daAuts
     D:9: 1425 daAuts
     D:6: 1403 daAuts
     D:2: 1348 daAuts
     D:7: 1152 daAuts
     D:8: 989 daAuts
     D:4: 976 daAuts
     D:1: 858 daAuts
    D:10: 824 daAuts
    D:11: 814 daAuts
     D:3: 655 daAuts
    D:12: 437 daAuts
 Ossuary: 390 daAuts
 Abyss:1: 182 daAuts
